AoeStats
← 公鸡神探

Arena

504694572Analyzed
4v4 RM · 27d ago on Sep 6, 2026· 40m 24s· 8 players
Game mode
Random Map
Map size
Large (8 player)
Population
200
Speed
Normal
Resources
Standard
Victory
Conquest
Starting age
Dark Age
Ending age
Imperial Age
RankedLock teamsTeams togetherTeam positionsShared explorationLock speedFull tech treeHidden civsTurbo modeCheats
Victory
Defeat
🇨🇳 Vietnamese · China
1149
+18
🇨🇳 Franks · China
1136
+18
🇨🇳 Romans · China
1133
+18
🇨🇳 Britons · China
1127
+19
🇨🇳 Magyars · China
1209
-19
🇹🇼 Burgundians · Taiwan
1206
-18
🇹🇼 Bulgarians · Taiwan
1195
-19
🇹🇼 Teutons · Taiwan
1145
-17
公鸡神探
11:09 Feudal Age
14:39 Castle Age
12:26 Double-Bit Axe
12:37 Horse Collar
15:43 Bow Saw
29:28 Imperial Age
27:20 Man-at-Arms
28:03 Scale Mail Armor
28:14 Forging
28:35 Squires
28:57 Heavy Plow
28:20 Long Swordsman
29:59 Wheelbarrow
29:13 Town Watch
29:14 Loom
30:06 Chain Mail Armor
30:26 Iron Casting
29:36 Legionary
30:33 Gold Mining
30:52 Capped Ram
33:25 Blast Furnace
无甲的joe
10:15 Feudal Age
14:08 Castle Age
13:09 Double-Bit Axe
13:39 Horse Collar
17:38 Fletching
20:48 Bodkin Arrow
22:22 Bow Saw
25:30 Heavy Plow
25:51 Padded Archer Armor
33:09 Imperial Age
34:32 Bracer
34:48 Leather Archer Armor
34:25 Elite Skirmisher
36:12 Two-Man Saw
36:04 Thumb Ring
35:30 Imperial Skirmisher
38:13 Ring Archer Armor
38:52 Ballistics
1627714649
10:19 Feudal Age
11:37 Double-Bit Axe
14:29 Castle Age
15:08 Wheelbarrow
15:52 Bow Saw
22:46 Stone Mining
22:47 Gold Mining
24:18 Gold Shaft Mining
25:07 Hand Cart
25:38 Loom
26:21 Scale Barding Armor
26:28 Forging
30:41 Imperial Age
28:25 Husbandry
30:30 Chain Barding Armor
30:46 Iron Casting
31:23 Scale Mail Armor
30:48 Pikeman
31:28 Squires
31:14 Arson
31:06 Cavalier
32:16 Conscription
32:41 Plate Barding Armor
32:11 Halberdier
34:41 Blast Furnace
34:41 Scale Mail Armor
34:46 Paladin
37:27 Chain Mail Armor
楚南公
7:12 Loom
10:07 Feudal Age
13:52 Castle Age
11:52 Double-Bit Axe
23:50 Bow Saw
23:21 Horse Collar
28:51 Wheelbarrow
28:06 Town Watch
30:03 Gold Mining
30:35 Heavy Plow
31:26 Stone Mining
34:29 Imperial Age
32:41 Hand Cart
32:36 Fletching
33:32 Bodkin Arrow
33:39 Padded Archer Armor
35:12 Ballistics
35:20 Yeomen
34:52 Elite Longbowman
36:02 Conscription
36:49 Chemistry
36:33 Bracer
37:34 Leather Archer Armor
37:28 Siege Engineers
38:03 Masonry
37:54 Guard Tower
38:40 Arrowslits
39:42 Ring Archer Armor
40:27 Keep
39:50 Murder Holes
40:26 Architecture
Mew 69
4:58 Double-Bit Axe
6:57 Horse Collar
11:47 Feudal Age
15:54 Castle Age
15:07 Bow Saw
21:49 Squires
24:12 Wheelbarrow
27:14 Heavy Plow
29:00 Hand Cart
30:32 Gold Mining
33:13 Imperial Age
32:09 Gold Shaft Mining
31:11 Pikeman
31:46 Loom
31:55 Stone Mining
33:10 Two-Man Saw
32:44 Crop Rotation
33:15 Scale Barding Armor
33:21 Forging
33:43 Ballistics
33:11 Town Watch
33:26 Cavalier
34:51 Chain Barding Armor
35:58 Plate Barding Armor
35:28 Husbandry
36:05 Conscription
35:59 Scale Mail Armor
37:25 Iron Casting
37:00 Paladin
38:40 Fletching
Weiting
11:12 Feudal Age
10:02 Loom
15:31 Castle Age
13:52 Double-Bit Axe
13:52 Horse Collar
28:22 Imperial Age
26:30 Wheelbarrow
26:52 Stone Mining
26:52 Gold Mining
28:52 Gold Shaft Mining
28:30 Bow Saw
28:23 Heavy Plow
28:17 Town Watch
29:04 Fletching
29:14 Padded Archer Armor
30:13 Parthian Tactics
30:11 Thumb Ring
29:27 Heavy Cavalry Archer
31:34 Chemistry
30:16 Treadmill Crane
30:58 Bodkin Arrow
31:18 Leather Archer Armor
31:10 Scale Barding Armor
32:15 Two-Man Saw
31:36 Bracer
32:01 Ballistics
32:57 Bloodlines
32:47 Husbandry
33:19 Conscription
33:33 Elite Magyar Huszar
34:17 Corvinian Army
34:18 Recurve Bow
36:57 Chain Barding Armor
37:19 Siege Engineers
37:10 Murder Holes
cominon99
9:24 Loom
11:54 Feudal Age
16:01 Castle Age
14:12 Double-Bit Axe
15:12 Forging
15:15 Horse Collar
16:49 Fletching
21:17 Bodkin Arrow
26:05 Bow Saw
33:12 Imperial Age
32:13 Wheelbarrow
32:26 Heavy Plow
32:44 Pikeman
34:01 Iron Casting
33:27 Scale Mail Armor
33:33 Scale Barding Armor
33:38 Gold Mining
33:43 Gambesons
33:58 Squires
34:44 Bloodlines
33:56 Light Cavalry
35:16 Husbandry
39:01 Halberdier
mishi3222
6:12 Loom
10:52 Feudal Age
27:07 Castle Age
Connection lost

Rejoining the realm…

Still unreachable

The connection could not be restored.

Session expired

The server has moved on; the page needs a fresh start.